 Dungeon Crawl Stone Soup version 0.17-a0-2073-gde5cdba (webtiles) character file.

81 derrpe the Ogre Mage (level 4, -5/42 HPs)
             Began as an Ogre Wizard on Oct 16, 2015.
             Slain by Sigmund
             ... wielding a +0 scythe
              (14 damage)
             ... on level 2 of the Dungeon.
             The game lasted 00:02:46 (2627 turns).

derrpe the Ogre Mage (Ogre Wizard)                  Turns: 2627, Time: 00:02:46

Health: -5/42      AC:  3    Str: 12    XL:     4   Next: 40%
Magic:  1/10       EV:  9    Int: 18    God:
Gold:   57         SH:  0    Dex:  8    Spells: 4 memorised, 3 levels left

rFire  + . .     SeeInvis .     e - +0 club
rCold  x . .     Clarity  .     a - +0 robe
rNeg   . . .     SustAt   .     (no shield)
rPois  .         Gourm    .     b - +0 hat
rElec  .         Spirit   .     (no cloak)
rCorr  .         Warding  .     (gloves unavailable)
rMut   .         Stasis   .     (boots unavailable)
MR     .....                    (no amulet)
Stlth  +.........               (no ring)
                                f - ring of fire

@: lethally poisoned (-5 -> -5), very slightly contaminated, not resistant to
hostile enchantments, very unstealthy
A: unfitting armour, tough skin 1
a: no special abilities


You were on level 2 of the Dungeon.
You were hungry.

You visited 1 branch of the dungeon, and saw 2 of its levels.

You collected 57 gold pieces.

Inventory:

Hand Weapons
 e - a +0 club (weapon)
Missiles
 g - 25 stones (quivered)
 l - 28 arrows
 q - 9 arrows of flame
Armour
 a - a +0 robe (worn)
 b - a +0 hat (worn)
Jewellery
 f - a ring of fire (left hand)
Scrolls
 k - 3 scrolls of identify {unknown}
 p - a scroll of amnesia {unknown}
Potions
 h - a potion of brilliance {unknown}
 i - a potion of magic {unknown}
 m - a potion of curing {unknown}
 n - a potion of invisibility {unknown}
 o - a potion of haste {unknown}
Books
 c - a book of Minor Magic

   Spells                             Type                      Level
   a - Magic Dart                     Conjuration                  1
   b - Blink                          Translocation                2
   c - Call Imp                       Summoning                    2
   d - Repel Missiles                 Charms/Air                   2
   e - Slow                           Hexes                        2
   f - Conjure Flame                  Conjuration/Fire             3
   g - Mephitic Cloud                 Conjuration/Poison/Air       3
Comestibles
 d - 3 bread rations {@e1}


   Skills:
 + Level 2.2 Fighting
 + Level 2.1 Maces & Flails
 - Level 1.7 Dodging
 - Level 1.5 Stealth
 + Level 4.1 Spellcasting
 * Level 1.8 Conjurations
   Level 0.6 Summonings
 - Level 0.6 Translocations


You had 3 spell levels left.
You knew the following spells:

 Your Spells              Type           Power        Failure   Level  Hunger
a - Magic Dart            Conj           ##..         10%         1    None
b - Blink                 Tloc           N/A          17%         2    ##.....
c - Repel Missiles        Chrm/Air       #.....       21%         2    ##.....
d - Mephitic Cloud        Conj/Pois/Air  #.......     34%         3    ###....


Dungeon Overview and Level Annotations

Branches:
Dungeon (2/15)

Altars:

Annotations:
D:2 Sigmund


Innate Abilities, Weirdness & Mutations

You are too large for most types of armour.
You have tough skin (AC +1).


Message History

The kobold hits you but does no damage.
Casting: Magic Dart
Confirm with . or Enter, or press ? or * to list all spells.
Aiming: Magic Dart
Press: ? - help, Shift-Dir - straight line, f/p - Sigmund
Aim: Sigmund, wielding a scythe and wearing a glowing robe (severely wounded, confused)
The magic dart hits Sigmund.
Sigmund is severely wounded.
The kobold barely misses you.
Casting: Magic Dart
Confirm with . or Enter, or press ? or * to list all spells.
Aiming: Magic Dart
Press: ? - help, Shift-Dir - straight line, f/p - Sigmund
Aim: Sigmund, wielding a scythe and wearing a glowing robe (severely wounded, confused)
The magic dart hits Sigmund.
Sigmund is severely wounded.
You feel sick. The kobold closely misses you.
Sigmund shouts, "What's happening?!"
Sigmund hits you with a scythe!
You die...

#..# #.#####..##<#
#..####.#####..##.#
#?...........<.....
##
##.####.#####..##.#
.. #.# #.......)##.#
#.##.####.###.....#.#
#.........###.....#.#
#.##K####...........#
#@# #####.....###
#.@............#
################


You could see Sigmund (confused) and a kobold.

Vanquished Creatures
  Natasha (D:2)
  2 adders (D:2)
  A giant gecko (D:2)
  3 giant cockroaches
  4 hobgoblins (D:1)
  4 jackals (D:1)
  A quokka (D:2)
  5 bats (D:1)
  5 goblins (D:1)
  4 kobolds
  9 rats
39 creatures vanquished.

Notes
Turn   | Place    | Note
--------------------------------------------------------------
     0 | D:1      | derrpe the Ogre Wizard began the quest for the Orb.
     0 | D:1      | Reached XP level 1. HP: 16/16 MP: 5/5
   317 | D:1      | Reached skill level 1 in Fighting
   472 | D:1      | Reached XP level 2. HP: 25/27 MP: 0/6
   544 | D:1      | Reached skill level 1 in Maces & Flails
   706 | D:1      | Reached skill level 1 in Conjurations
  1064 | D:1      | Reached XP level 3. HP: 33/33 MP: 5/8
  1857 | D:2      | Reached skill level 4 in Spellcasting
  2376 | D:2      | Noticed Natasha
  2385 | D:2      | Killed Natasha
  2385 | D:2      | Reached XP level 4. HP: 22/42 MP: 0/10
  2577 | D:2      | Noticed Sigmund
  2591 | D:2      | Learned a level 2 spell: Blink
  2594 | D:2      | Learned a level 2 spell: Repel Missiles
  2598 | D:2      | Learned a level 3 spell: Mephitic Cloud
  2627 | D:2      | Slain by Sigmund

Vault maps used:
D:1:      dpeg_arrival_subterranean_lakeside_camping
D:2:      fedhas_altar_fruit_tree, first_bread, uniq_jessica, uniq_natasha,
          uniq_crazy_yiuf_cottage, uniq_terence, uniq_sigmund

Action                   |  1- 3 |  4- 6 || total
-------------------------+-------+-------++-------
Melee: Club              |    24 |    13 ||    37
       Unarmed           |     1 |       ||     1
Throw: Stone             |     1 |       ||     1
 Cast: Magic Dart        |   110 |     7 ||   117
       Mephitic Cloud    |       |     1 ||     1
  Eat: Chunk             |     3 |       ||     3
       Beef jerky        |       |     1 ||     1
